 Dungeon Crawl Stone Soup version 0.21.1-1-g345015f (webtiles) character file.

36663 prawnwizard the Severer (level 13, -4/178 HPs)
             Began as a Minotaur Berserker on July 16, 2018.
             Was the Champion of Trog.
             Slain by a catoblepas (26 damage)
             ... on level 6 of the Lair of Beasts.
             The game lasted 00:24:13 (16568 turns).

prawnwizard the Severer (Minotaur Berserker)       Turns: 16568, Time: 00:24:14

Health: -4/178     AC: 20    Str: 34    XL:     13   Next: 54%
Magic:  12/12      EV: 14    Int:  4    God:    Trog [******]
Gold:   1494       SH:  0    Dex: 12    Spells: 12/12 levels left

rFire    . . .     SeeInvis .   J - +9 battleaxe "Vegg" {holy, +Inv Str+4}
rCold    . . .     Gourm    .   (shield currently unavailable)
rNeg     . . .     Faith    +   i - +0 plate armour
rPois    +         Spirit   .   G - +0 hat
rElec    .         Reflect  .   (no cloak)
rCorr    .         Harm     .   (no gloves)
MR       ++...                  O - +0 pair of boots
Stlth    ..........             j - amulet of faith
HPRegen  1.39/turn              m - +3 ring of protection
MPRegen  0.13/turn              x - ring of poison resistance

@: berserking, regenerating, very quick
A: retaliatory headbutt, horns 2
a: Berserk, Trog's Hand, Brothers in Arms, Burn Spellbooks, Renounce Religion,
Evoke Invisibility


You were on level 6 of the Lair of Beasts.
You worshipped Trog.
Trog was exalted by your worship.
You were very hungry.

You visited 2 branches of the dungeon, and saw 18 of its levels.

You collected 1494 gold pieces.

Inventory:

Hand Weapons
 y - a +0 hand axe of electrocution
 A - a +1 war axe of freezing
 J - the +9 battleaxe "Vegg" (weapon) {holy, +Inv Str+4}
   (Trog gifted it to you on level 10 of the Dungeon)

   It has been blessed by the Shining One to cause great damage to the undead
   and demons.
   It affects your strength (+4).
   It lets you turn invisible.
Armour
 i - a +0 plate armour (worn)
 G - a +0 hat (worn)
 K - +0 acid dragon scales
 O - a +0 pair of boots (worn)
Jewellery
 f - an uncursed ring of fire
 j - an amulet of faith (around neck)
 k - the ring "Otarawn" {+Fly rC+}
   (You found it on level 10 of the Dungeon)

   [ring of protection from cold]

   It protects you from cold.
   It lets you fly.
 m - a +3 ring of protection (left hand)
 x - a ring of poison resistance (right hand)
 Q - an uncursed ring of fire
 T - a cursed ring of loudness {unknown}
 V - the ring of Hueck {rCorr rF++, unknown}
   (You found it on level 5 of the Lair of Beasts)

   [ring of resist corrosion]

   It greatly protects you from fire.
Wands
 B - a wand of disintegration (26)
 C - a wand of polymorph (14)
 D - a wand of iceblast (11)
 E - a wand of paralysis (19)
 H - a wand of enslavement (9)
 I - a wand of random effects (35)
 N - a wand of flame (23)
 W - a wand of clouds (4)
Scrolls
 a - 2 scrolls of blinking
 d - 11 scrolls of enchant weapon
 e - 2 scrolls of fog
 h - 3 scrolls of teleportation
 l - 13 scrolls of identify
 p - 3 scrolls of enchant armour {unknown}
 r - 8 scrolls of remove curse
 t - 4 scrolls of magic mapping
 v - 2 scrolls of amnesia {unknown}
 M - 2 scrolls of fear
 P - a scroll of vulnerability {unknown}
 S - a scroll of holy word {unknown}
Potions
 b - 2 potions of degeneration
 g - a potion of magic
 n - 5 potions of brilliance
 o - 7 potions of curing
 q - 3 potions of berserk rage
 s - 4 potions of resistance
 u - 2 potions of heal wounds
 w - 3 potions of haste
 z - 2 potions of might
 F - a potion of lignification
 L - a potion of flight
 R - a potion of agility {unknown}
Comestibles
 c - 14 rations
 U - 2 chunks of flesh


   Skills:
 + Level 12.8 Fighting
 * Level 17.0 Axes
 + Level 12.6 Armour
 + Level 11.7 Dodging


You had 12 spell levels left.
You didn't know any spells.

Dungeon Overview and Level Annotations

Branches:
Dungeon (12/15)            Temple (0/1) D:5            Lair (6/6) D:11
 Shoals (0/4) Lair:2       Spider (0/4) Lair:4          Orc (0/2) D:11
  Slime: Lair:5-6

Altars:
Cheibriados
Hepliaklqana
Kikubaaqudgha
Qazlal
Ru
Vehumet

Shops:
D:9 }

Annotations:
D:11 Sonja


Innate Abilities, Weirdness & Mutations

You reflexively headbutt those who attack you in melee.
You have a pair of horns on your head.


Message History

Trog accepts your kill.
You are engulfed in calcifying dust.
The catoblepas gores you!
* * * LOW HITPOINT WARNING * * *
You chop one of the seven-headed hydra's heads off!
The six-headed hydra grows two more!
You slice the eight-headed hydra!! You headbutt the eight-headed hydra!
The eight-headed hydra is heavily wounded.
You hit the catoblepas but do no damage.
You are engulfed in calcifying dust.
The eight-headed hydra completely misses you.
You furiously retaliate!
You headbutt the eight-headed hydra!
The eight-headed hydra bites you but does no damage.
The eight-headed hydra barely misses you.
The eight-headed hydra closely misses you. x2
The eight-headed hydra bites you but does no damage.
The eight-headed hydra bites you.
* * * LOW HITPOINT WARNING * * *
The eight-headed hydra misses you. The catoblepas gores you!!
You die...

.♣♣♣♣♣♣♣..♣♣ ..##... .♣
♣..♣♣ ♣.......... ♣♣ ♣..♣
♣.......... ♣ ♣♣♣..♣♣
♣♣.#........ ♣ ♣♣.....♣
♣........... ♣...♣♣.♣
♣♣.....).....
♣..♣♣♣.♣♣♣♣............
♣♣.♣♣
♣..♣♣....Y)..............
♣.♣♣
♣♣.♣♣..#@§D..............
♣♣♣.♣♣
♣.....##§†..............
.....♣♣
♣♣.P#####.........[.....
......♣ ♣.##
#.............# ...♣..♣♣
♣♣# ##........... .#
....♣..♣ #P..##...# ...
....♣..♣♣ ..#.#..P# ...
..♣♣♣♣..♣ ###....###...
.♣♣ ♣♣.♣♣ #......#....


You could see a catoblepas and an eight-headed hydra.

Vanquished Creatures
  Gastronok (Lair:1)
  2 hydras
  A catoblepas (Lair:4)
  2 two-headed ogres (D:8)
  Urug (Lair:5)
  A skeletal warrior (D:10)
  A deep elf mage (D:10)
  3 manticores
  2 centaur zombies
  6 elephants (Lair:3)
  6 black mambas
  6 spiny frogs
  A rime drake (Lair:4)
  6 komodo dragons
  2 trolls (D:11)
  2 polar bears (Lair:6)
  3 hornets (Lair:6)
  7 blink frogs
  9 dream sheep
  4 hippogriffs
  Sigmund (D:3)
  4 redbacks (Lair:4)
  A centaur simulacrum (D:11)
  7 spriggans (Lair:6)
  3 wraiths
  A wyvern (D:8)
  12 yaks
  2 basilisks (Lair:2)
  6 water moccasins
  An acid dragon (D:11)
  8 porcupines
  4 orc warriors
  4 black bears (Lair:6)
  A sky beast (D:6)
  2 ice beasts
  4 ogres
  A necrophage (D:7)
  The ghost of Arctor the Charmwright, an amateur GnSk (D:3)
  29 wolves
  3 boggarts (Lair:6)
  An eye of draining (D:11)
  3 centaurs
  8 crocodiles
  A big kobold (D:10)
  13 bullfrogs
  4 wights (D:7)
  5 scorpions
  21 killer bees
  4 howler monkeys
  2 crimson imps
  2 quasits
  3 bullfrog zombies
  3 hounds
  12 orc priests
  A centaur skeleton (D:5)
  2 jellies
  An iguana (D:7)
  Terence (D:2)
  13 orc wizards
  11 worker ants
  A howler monkey zombie (D:10)
  2 worker ant zombies (D:6)
  10 adders
  A hound simulacrum (D:11)
  3 shadow imps
  A white imp (D:11)
  A worker ant simulacrum (D:11)
  An ufetubus (D:11)
  2 oozes
  3 adder skeletons
  3 worms
  3 dart slugs (D:1)
  3 leopard geckos
  52 orcs
  A ball python (D:4)
  8 giant cockroaches
  6 goblins
  A hobgoblin (D:2)
  3 jackals (D:2)
  8 kobolds
  A quokka (D:2)
  9 bats
  3 frilled lizards
  A jackal skeleton (D:8)
  A leopard gecko skeleton (D:7)
  3 quokka skeletons
  A quokka zombie (D:7)
  5 rats (D:1)
  2 fungi (Lair:6)
  2 plants
413 creatures vanquished.

Vanquished Creatures (collateral kills)
  4 spriggans (Lair:6)
  2 hornets (Lair:6)
  A water moccasin (Lair:6)
7 creatures vanquished.

Vanquished Creatures (others)
  4 dream sheep (Lair:6)
  4 fungi
8 creatures vanquished.

Grand Total: 428 creatures vanquished

Notes
Turn   | Place    | Note
-------+----------+-------------------------------------------
     0 | D:1      | prawnwizard the Minotaur Berserker began the quest for the Orb.
     0 | D:1      | Reached XP level 1. HP: 19/19 MP: 0/0
   365 | D:1      | Reached XP level 2. HP: 27/27 MP: 1/1
   398 | D:1      | Reached skill level 4 in Axes
   759 | D:2      | Reached XP level 3. HP: 11/33 MP: 2/2
  1156 | D:2      | Reached XP level 4. HP: 37/40 MP: 3/3
  1160 | D:2      | Reached ** piety under Trog
  1280 | D:2      | Noticed Terence
  1297 | D:2      | Killed Terence
  1297 | D:2      | Reached skill level 5 in Axes
  1605 | D:3      | Noticed Sigmund
  1618 | D:3      | Killed Sigmund
  1618 | D:3      | Reached XP level 5. HP: 7/47 MP: 4/4
  1618 | D:3      | Reached XP level 6. HP: 9/55 MP: 5/5
  1939 | D:3      | Noticed Arctor's ghost (amateur GnSk)
  1953 | D:3      | Killed Arctor's ghost
  1953 | D:3      | Reached skill level 5 in Fighting
  1953 | D:3      | Reached skill level 6 in Axes
  2750 | D:4      | Reached XP level 7. HP: 61/61 MP: 6/6
  2767 | D:4      | HP: 1/61 [orc/trident (4)]
  3154 | D:4      | Reached skill level 7 in Axes
  3292 | D:4      | Reached skill level 5 in Armour
  3444 | D:4      | Found a stormy altar of Qazlal.
  3684 | D:4      | Reached *** piety under Trog
  3966 | D:5      | Entered Level 5 of the Dungeon
  4046 | D:5      | Reached skill level 5 in Dodging
  4046 | D:5      | Reached XP level 8. HP: 55/70 MP: 7/7
  4171 | D:5      | Reached skill level 8 in Axes
  4303 | D:5      | Found a staircase to the Ecumenical Temple.
  4875 | D:6      | Found a snail-covered altar of Cheibriados.
  4905 | D:6      | Reached skill level 9 in Axes
  5158 | D:6      | Reached **** piety under Trog
  5540 | D:6      | Found a hazy altar of Hepliaklqana.
  5740 | D:7      | Reached XP level 9. HP: 79/79 MP: 8/8
  6179 | D:7      | Reached skill level 10 in Axes
  6331 | D:7      | Found an ancient bone altar of Kikubaaqudgha.
  6332 | D:7      | Found a radiant altar of Vehumet.
  7124 | D:8      | Noticed a two-headed ogre
  7134 | D:8      | Killed a two-headed ogre
  7134 | D:8      | Reached skill level 11 in Axes
  7186 | D:8      | Found a sacrificial altar of Ru.
  7341 | D:8      | Reached XP level 10. HP: 90/90 MP: 9/9
  7459 | D:8      | Noticed a two-headed ogre
  7466 | D:8      | Killed a two-headed ogre
  7802 | D:9      | Reached ***** piety under Trog
  7870 | D:9      | Found Reusmy's Gadget Emporium.
  8198 | D:9      | Reached skill level 12 in Axes
  8241 | D:10     | Entered Level 10 of the Dungeon
  8261 | D:10     | Got a slimy silver ring
  8289 | D:10     | Received a gift from Trog
  8430 | D:10     | Noticed a skeletal warrior
  8436 | D:10     | Killed a skeletal warrior
  8593 | D:10     | Noticed a deep elf mage
  8602 | D:10     | Killed a deep elf mage
  8719 | D:10     | Noticed a manticore
  8730 | D:10     | Killed a manticore
  8912 | D:10     | Identified the ring "Otarawn" {+Fly rC+} (You found it on level 10 of the Dungeon)
  9198 | D:11     | Reached XP level 11. HP: 91/99 MP: 10/10
  9206 | D:11     | Reached skill level 13 in Axes
  9443 | D:11     | Reached skill level 10 in Fighting
  9605 | D:11     | Found a staircase to the Lair.
  9687 | D:11     | Noticed Sonja
  9695 | D:11     | Found a staircase to the Orcish Mines.
  9732 | D:11     | Received a gift from Trog
  9934 | D:11     | Reached skill level 10 in Armour
 10269 | D:12     | Noticed a cyan ugly thing
 10292 | Lair:1   | Entered Level 1 of the Lair of Beasts
 10386 | Lair:1   | Noticed an eight-headed hydra
 10395 | Lair:1   | Killed a 14-headed hydra
 10395 | Lair:1   | Reached skill level 14 in Axes
 10569 | Lair:1   | Noticed Gastronok
 10582 | Lair:1   | Killed Gastronok
 11395 | D:10     | Got a translucent battleaxe {god gift}
 11396 | D:10     | Identified the +9 battleaxe "Vegg" {holy, +Inv Str+4} (Trog gifted it to you on level 10 of the Dungeon)
 11757 | Lair:2   | Found a staircase to the Shoals.
 11764 | Lair:2   | Reached skill level 10 in Dodging
 11764 | Lair:2   | Reached XP level 12. HP: 83/110 MP: 11/11
 12729 | Lair:3   | Reached skill level 15 in Axes
 13368 | Lair:4   | Received a gift from Trog
 13428 | Lair:4   | Noticed a catoblepas
 13448 | Lair:4   | Killed a catoblepas
 13669 | Lair:4   | Found a hole to the Spider Nest.
 14118 | Lair:4   | Reached skill level 16 in Axes
 14793 | Lair:5   | Noticed Urug
 14802 | Lair:5   | Killed Urug
 14827 | Lair:5   | Noticed an eight-headed hydra
 14845 | Lair:5   | Killed a ten-headed hydra
 14845 | Lair:5   | Reached ****** piety under Trog
 14845 | Lair:5   | Reached XP level 13. HP: 118/118 MP: 12/12
 14948 | Lair:5   | Got a warped glass ring
 15420 | Lair:6   | Entered Level 6 of the Lair of Beasts
 16308 | Lair:6   | Received a gift from Trog
 16493 | Lair:6   | Reached skill level 17 in Axes
 16568 | Lair:6   | Slain by a catoblepas

Skill      XL: |  1  2  3  4  5  6  7  8  9 10 11 12 13 |
---------------+----------------------------------------+-----
Axes           | 4 5 6 7 9 11 12 14 16 17 | 17.0
Fighting       | 4 5 6 7 8 9 11 12 | 12.8
Armour         | 3 4 5 6 8 9 10 12 | 12.6
Dodging        | 3 4 5 6 7 8 10 11 | 11.7

Action                   |  1- 3 |  4- 6 |  7- 9 | 10-12 | 13-15 || total
-------------------------+-------+-------+-------+-------+-------++-------
Melee: Hand axe          |    37 |    91 |   312 |   351 |       ||   791
       Headbutt          |    10 |    11 |    64 |   131 |    35 ||   251
       War axe           |       |       |    11 |       |       ||    11
       Battleaxe         |       |       |       |   161 |   170 ||   331
Invok: Berserk           |     1 |     3 |     4 |     7 |     2 ||    17
       Trog's Hand       |       |     1 |     1 |     1 |     3 ||     6
       Burn Spellbooks   |       |       |       |     7 |       ||     7
       Brothers in Arms  |       |       |       |       |     1 ||     1
  Use: Scroll            |       |    11 |     3 |     8 |       ||    22
       Potion            |       |       |     1 |       |       ||     1
  Eat: Chunk             |     2 |     3 |    17 |    23 |     9 ||    54
       Ration            |       |     1 |     1 |     2 |       ||     4
Armor: Animal skin       |     1 |       |       |       |       ||     1
       Leather armour    |    10 |    12 |       |       |       ||    22
       Scale mail        |       |     6 |    95 |       |       ||   101
       Plate armour      |       |       |     6 |   257 |   140 ||   403
       Chain mail        |       |       |     4 |       |       ||     4
Dodge: Dodged            |    28 |    57 |   181 |   287 |   147 ||   700
